 Dungeon Crawl Stone Soup version 0.24-a0-586-g8e0e932 (console) character file.

Game seed: 17215866494795598328, levelgen mode: deterministic

101 ArupGupta the Skirmisher (level 4, -4/44 HPs)
             Began as a Minotaur Berserker on Sept 7, 2019.
             Was a Believer of Trog.
             Slain by Grinder (5 damage)
             ... on level 3 of the Dungeon.
             The game lasted 00:09:31 (1668 turns).

ArupGupta the Skirmisher (Minotaur Berserker)       Turns: 1668, Time: 00:09:31

Health: -4/44      AC:  3    Str: 22    XL:     4   Next: 48%
Magic:  3/3        EV: 12    Int:  4    God:    Trog [**....]
Gold:   48         SH:  0    Dex: 10    Spells: 3/3 levels left

rFire    . . .     SeeInvis .   a - +0 mace
rCold    . . .     Gourm    .   (no shield)
rNeg     . . .     Faith    .   h - +0 leather armour
rPois    .         Spirit   .   (helmet restricted)
rElec    .         Reflect  .   (no cloak)
rCorr    .         Harm     .   (no gloves)
MR       .....                  (no boots)
Stlth    +.........             (no amulet)
HPRegen  0.14/turn              (no ring)
MPRegen  0.08/turn              (no ring)

@: no status effects
A: retaliatory headbutt, horns 2
a: Berserk, Trog's Hand, Renounce Religion


You were on level 3 of the Dungeon.
You worshipped Trog.
Trog was pleased with you.
You were hungry.

You visited 1 branch of the dungeon, and saw 3 of its levels.

You collected 48 gold pieces.

Inventory:

Hand Weapons
 a - a +0 mace (weapon)
Missiles
 f - 17 sling bullets
Armour
 h - a +0 leather armour (worn)
Scrolls
 g - a scroll of remove curse {@r2}
Potions
 d - 2 potions of ambrosia
 j - a potion of berserk rage
Comestibles
 b - 3 chunks of flesh
 c - 2 rations {@e1}


   Skills:
 - Level 6.0 Fighting
 + Level 4.3 Maces & Flails
 - Level 2.4 Armour
 - Level 2.1 Dodging


You had 3 spell levels left.
You didn't know any spells.
Your spell library was empty.

Dungeon Overview and Level Annotations

Branches:
Dungeon (3/15)

Altars:
Dithmenos

Annotations:
D:3 Grinder


Innate Abilities, Weirdness & Mutations

You reflexively headbutt those who attack you in melee.
You have a pair of horns on your head.


Message History

Grinder blinks!
You see here 20 sling bullets.
Grinder gestures at you. Pain shoots through your body!
You take 10 damage, and have 15/44 hp.
MASSIVE DAMAGE!!
You are too injured to fight recklessly!
Grinder hits you.
* * * LOW HITPOINT WARNING * * *
You writhe in agony.
* * * LOW HITPOINT WARNING * * *
You take 7 damage, and have 8/44 hp.
You hit Grinder but do no damage. Grinder gestures at you.
Pain shoots through your body!
* * * LOW HITPOINT WARNING * * *
You take 4 damage, and have 4/44 hp.
You hit Grinder but do no damage. Grinder hits you.
* * * LOW HITPOINT WARNING * * *
You writhe in agony.
You die...

#...##......# #..
#...####..... #..
###...####..... #...
#.............. #....
#..............
#....#####..............
#.......................
#...5.................
#....@................
#.....................
######.(.†########....
#....# ### #....# #....#
#....# #....# #....#


You could see Grinder.

Vanquished Creatures
  3 adders (D:2)
  A worm (D:2)
  3 dart slugs
  2 leopard geckos
  4 giant cockroaches
  7 hobgoblins
  6 jackals
  5 bats
  15 frilled lizards
  4 goblins
  7 kobolds
  9 rats
66 creatures vanquished.

Notes
Turn   | Place    | Note
-------+----------+-------------------------------------------
     0 | D:1      | ArupGupta the Minotaur Berserker began the quest for the
                  | Orb.
     0 | D:1      | Reached XP level 1. HP: 19/19 MP: 0/0
    59 | D:1      | Reached skill level 4 in Fighting
    99 | D:1      | Reached XP level 2. HP: 19/28 MP: 1/1
   701 | D:1      | Reached skill level 5 in Fighting
   837 | D:1      | Reached ** piety under Trog
   837 | D:1      | Reached XP level 3. HP: 34/36 MP: 2/2
  1083 | D:2      | Found a shadowy altar of Dithmenos.
  1255 | D:2      | Reached skill level 6 in Fighting
  1255 | D:2      | Reached XP level 4. HP: 37/44 MP: 3/3
  1332 | D:2      | Reached skill level 4 in Maces & Flails
  1650 | D:3      | Noticed Grinder
  1667 | D:3      | HP: 4/44 [Grinder/nerve-wracking pain (5)]
  1668 | D:3      | HP: 1/44 [Grinder (3)]
  1668 | D:3      | Slain by Grinder

Levels and vault maps discovered:
D:1:      dpeg_arrival_rooms_c, layout_loops_ring
D:2:      layout_loops_ring, lemuel_doored_altar, first_ration,
          minmay_lizard_king
D:3:      layout_basic, uniq_robin, uniq_natasha, uniq_grinder

Skill      XL: |  1  2  3  4 |
---------------+-------------+-----
Fighting       | 4 5 6 |  6.0
Maces & Flails | 4 |  4.3
Armour         | |  2.4
Dodging        | |  2.1

Action                   |  1- 3 |  4- 6 || total
-------------------------+-------+-------++-------
Melee: Mace              |    91 |    39 ||   130
       Headbutt          |    16 |     6 ||    22
  Use: Scroll            |     3 |     3 ||     6
 Stab: Sleeping          |     2 |       ||     2
  Eat: Chunk             |     1 |     1 ||     2
Armor: Leather armour    |    19 |    10 ||    29
       Animal skin       |     1 |       ||     1
Dodge: Dodged            |    55 |    31 ||    86

Table legend:
 A = Non-vault XP
 B = Vault XP
 C = Vault XP percentage of total XP
 D = Non-vault monster count
 E = Vault monster count
 F = Vault count percentage of total count
                 A         B        C        D         E       F
            +---------+---------+-------+---------+---------+-------
      Total |     132 |      13 |   9.0 |      55 |      11 |  16.7
            +---------+---------+-------+---------+---------+-------
        D:1 |      44 |       0 |   0.0 |      28 |       0 |   0.0
        D:2 |      73 |      13 |  15.1 |      19 |      11 |  36.7
        D:3 |      15 |       0 |   0.0 |       8 |       0 |   0.0
            +---------+---------+-------+---------+---------+-------
